 Dungeon Sprint DCSS version 0.24.1-14-gf8d2b509d9 (webtiles) character file.

Game seed: 17830971332755465762, levelgen mode: deterministic

0 sahdkjhfkaj the Skirmisher (level 1, -6/18 HPs)
             Began as a Demonspawn Chaos Knight on Oct 6, 2020.
             Was a Plaything of Xom.
             Splashed by a jelly's acid (10 damage)
             ... created by the player character
             ... in the Dungeon (Sprint V: "Ziggurat Sprint").
             The game lasted 00:00:57 (39 turns).

sahdkjhfkaj the Skirmisher (Demonspawn Chaos Knight)  Turns: 39, Time: 00:00:57

Health: -6/18      AC:  0    Str: 12    XL:     1   Next: 0%
Magic:  1/1        EV: 12    Int: 13    God:    Xom [..*...]
Gold:   0          SH:  0    Dex: 10    Spells: 0/0 levels left

rFire    . . .     SeeInvis .   a - +0 short sword (chaos)
rCold    + . .     Gourm    .   (no shield)
rNeg     . . .     Faith    .   b - +2 leather armour
rPois    .         Spirit   .   (helmet restricted)
rElec    .         Reflect  .   (no cloak)
rCorr    .         Harm     .   (no gloves)
MR       .....     NoTele   +   (no boots)
Stlth    +.........             (no amulet)
HPRegen  0.06/turn              (no ring)
MPRegen  0.07/turn              (no ring)

@: corroded, slow
A: antennae 1, clumsy 1, cold resistance 1, gelatinous body 1, pseudopods 1,
evolution 1, MP-powered wands
a: Renounce Religion


You were in the Dungeon.
You worshipped Xom.
You were a toy of Xom.
You were not hungry.

You visited 1 branch

Inventory:

Hand Weapons
 a - a +0 short sword of chaos (weapon)
Armour
 b - a +2 leather armour (worn)
Scrolls
 i - a scroll of blinking
Potions
 d - a potion of curing
 e - a potion of heal wounds
 f - a potion of haste
 g - 2 potions of magic
 h - a potion of berserk rage
Comestibles
 c - a ration


   Skills:
 + Level 3.0(1.5) Fighting
 + Level 2.6(1.3) Short Blades
 + Level 1.7(0.8) Armour
 + Level 0.8(0.4) Dodging


You couldn't memorise any spells.
You didn't know any spells.
Your spell library was empty.

Dungeon Overview and Level Annotations

Branches:
Dungeon (1/1)

Altars:
Ashenzari
Cheibriados
Dithmenos
Elyvilon
Fedhas
Gozag
Hepliaklqana
Kikubaaqudgha
Makhleb
Qazlal
Ru
Sif Muna
Trog
Uskayaw
Vehumet
Wu Jian
Xom
Yredelemnul
Zin
The Shining One
Beogh
Jiyva
Lugonu

Annotations:
D 1 transporter


Innate Abilities, Weirdness & Mutations

You have a pair of small antennae on your head.
You are clumsy. (Dex -2)
Your flesh is cold resistant. (rC+)
Your rubbery body absorbs attacks. (AC +1, EV +1)
Armour fits poorly on your pseudopods.
You evolve.
You expend magic power (3 MP) to strengthen your wands.


Message History

Ashenzari does not appreciate desertion!
Yredelemnul welcomes you! The jelly hits you but does no damage.
Unknown command.
Press < or > to pray at altars.
Found four altars.
There is a shimmering altar of Xom here.
You kneel at the altar of Xom.
You have lost your religion!
Yredelemnul does not appreciate desertion!
Xom welcomes you back! The jelly hits you. The acid corrodes you!
You are splashed with acid!
Ouch! That really hurt!
* * * LOW HITPOINT WARNING * * *
The jelly hits you.
* * * LOW HITPOINT WARNING * * *
You are splashed with acid!
Ouch! That really hurt!
You die...
Xom roars with laughter!

▓_..)).........
▓8..)).........8▓
▓_..().....}..._▓
▓8...)..%..=...8▓
▓_......?..|..._▓
▓8...[..!../...8▓
▓_...[.<......._▓
▓8.............8▓
▓_......J@....._▓
▓8_8_8_8_8_8_8_8▓
▓▓▓▓▓▓▓▓▓▓▓▓▓▓▓▓▓


You could see a jelly.

Vanquished Creatures (others)
  A fire dragon (shapeshifter) (D)
  An alligator (shapeshifter) (D)
  A mana viper (shapeshifter) (D)
  A moth of wrath (shapeshifter) (D)
  A faun (shapeshifter) (D)
  A jumping spider (shapeshifter) (D)
  A slime creature (shapeshifter) (D)
  A tarantella (shapeshifter) (D)
  A tengu (shapeshifter) (D)
9 creatures vanquished.

Notes
Turn   | Place    | Note
-------+----------+-------------------------------------------
     0 | D        | sahdkjhfkaj the Demonspawn Chaos Knight began the quest for
                  | the Orb.
     0 | D        | Reached XP level 1. HP: 18/18 MP: 1/1
     0 | D        | Found a blossoming altar of Fedhas.
     1 | D        | Found the +6 Majin-Bo {vamp, Archmagi MP+6 Int+6}
     1 | D        | Found the +7 great mace "Firestarter" {inner flame, rF++}
     1 | D        | Found a transporter.
     1 | D        | Found a viscous altar of Jiyva.
     1 | D        | Found an ancient bone altar of Kikubaaqudgha.
     1 | D        | Found a hazy altar of Hepliaklqana.
     1 | D        | Found a corrupted altar of Lugonu.
     1 | D        | Found an opulent altar of Gozag.
     1 | D        | Found a burning altar of Makhleb.
    10 | D        | Fell from the grace of Xom
    10 | D        | Became a worshipper of Jiyva Jezumuli the Shapeless
    10 | D        | Reached * piety under Jiyva
    10 | D        | Reached ** piety under Jiyva
    10 | D        | Reached *** piety under Jiyva
    10 | D        | Gained mutation: You tend to lose your temper in combat.
                  | [Jiyva's grace]
    10 | D        | Reached **** piety under Jiyva
    10 | D        | Gained mutation: You have a pair of small antennae on your
                  | head. [Jiyva's grace]
    10 | D        | Reached ***** piety under Jiyva
    10 | D        | Gained mutation: Your muscles are strong. (Str +2) [Jiyva's
                  | grace]
    10 | D        | Killed a tengu
    10 | D        | Gained mutation: Your movements are slightly less
                  | encumbered by armour. (ER -2) [Jiyva's grace]
    10 | D        | Lost mutation: Your muscles are strong. (Str +2) [Jiyva's
                  | grace]
    10 | D        | Reached ****** piety under Jiyva
    10 | D        | Lost mutation: You tend to lose your temper in combat.
                  | [Jiyva's grace]
    10 | D        | Gained mutation: Your flesh is cold resistant. (rC+)
                  | [Jiyva's grace]
    10 | D        | Lost mutation: Your movements are slightly less encumbered
                  | by armour. (ER -2) [Jiyva's grace]
    10 | D        | Gained mutation: You are clumsy. (Dex -2) [Jiyva's grace]
    10 | D        | Gained mutation: You expend magic power (3 MP) to
                  | strengthen your wands. [Jiyva's grace]
    11 | D        | Gained mutation: Your rubbery body absorbs attacks. (AC +1,
                  | EV +1) [Jiyva's grace]
    12 | D        | Killed a slime creature
    13 | D        | Killed a faun
    13 | D        | Lost mutation: Your rubbery body absorbs attacks. (AC +1,
                  | EV +1) [Jiyva's grace]
    14 | D        | Killed a moth of wrath
    14 | D        | Gained mutation: You evolve. [Jiyva's grace]
    14 | D        | Gained mutation: Armour fits poorly on your pseudopods.
                  | [Jiyva's grace]
    14 | D        | Gained mutation: Your rubbery body absorbs attacks. (AC +1,
                  | EV +1) [Jiyva's grace]
    16 | D        | Fell from the grace of Jiyva
    16 | D        | Became a worshipper of Fedhas Madash
    19 | D        | Killed a tarantella
    21 | D        | Fell from the grace of Fedhas
    21 | D        | Became a worshipper of Dithmenos the Shadowed
    24 | D        | Fell from the grace of Dithmenos
    24 | D        | Became a worshipper of Cheibriados the Contemplative
    26 | D        | Killed an alligator
    29 | D        | Fell from the grace of Cheibriados
    29 | D        | Became a worshipper of Ashenzari the Shackled
    32 | D        | Killed a jumping spider
    35 | D        | Fell from the grace of Ashenzari
    35 | D        | Became a worshipper of Yredelemnul the Dark
    36 | D        | Killed a mana viper
    37 | D        | Found a bloodstained altar of Trog.
    37 | D        | Found a shimmering blue altar of Sif Muna.
    37 | D        | Found a sacrificial altar of Ru.
    37 | D        | Found a stormy altar of Qazlal.
    38 | D        | Fell from the grace of Yredelemnul
    38 | D        | Became a worshipper of Xom of Chaos
    38 | D        | Killed a fire dragon
    39 | D        | Splashed by a jelly's acid

Levels and vault maps discovered:
D:        sprint_v [room_start, room_1, room_2, room_3, room_4, room_5, room_6,
          room_7, room_8, room_9, room_10, room_11, room_12, room_13, room_14,
          room_15, room_16, room_17, room_18, room_19, room_20, room_21,
          room_22, room_23, room_24, room_25, room_26, room_27]

Action                   || total
-------------------------++-------
Armor: Leather armour    ||     3
Dodge: Dodged            ||     5
